 Dungeon Crawl Stone Soup version 0.31.0-12-g77e489cdc1 (webtiles) character file.

Game seed: 17160131081694680299

1013 Peloso the Slasher (level 8, -1/70 HPs)
             Began as a Minotaur Fighter on Feb 28, 2024.
             Slain by a thrashing horror (2 damage)
             ... on level 2 of the Abyss.
             The game lasted 00:05:10 (3182 turns).

Peloso the Slasher (Minotaur Fighter)               Turns: 3182, Time: 00:05:10

Health: -1/70      AC: 11    Str: 20    XL:     8   Next: 1%
Magic:  7/7        EV:  8    Int:  5    God:
Gold:   203        SH:  5    Dex: 13    Spells: 7/7 levels left

rFire   . . .        a - +0 long sword
rCold   . . .        d - +0 buckler
rNeg    + . .        p - +0 chain mail
rPois   .            (helmet restricted)
rElec   .            c - +0 cloak
rCorr   +            (no gloves)
SInv    .            (no boots)
Will    .....        (no amulet) Stlth
                     k - ring of resist corrosion
HPRegen 0.31/turn    o - ring of positive energy
MPRegen 0.10/turn

%: no passive effects
@: about to teleport
A: horns 2, retaliatory headbutt
a: no special abilities


You were on level 2 of the Abyss.
You visited 1 branch of the dungeon, and saw 4 of its levels.
You visited the Abyss 1 time.

You collected 203 gold pieces.

Inventory:

Hand Weapons
 a - a +0 long sword (weapon)
 b - a +1 whip of flaming
Armour
 c - a +0 cloak (worn)
 d - a +0 buckler (worn)
 p - a +0 chain mail (worn)
Jewellery
 k - a ring of resist corrosion (left hand)
 o - a ring of positive energy (right hand)
Scrolls
 f - a scroll of identify
 g - a scroll of teleportation
 i - a scroll of enchant weapon {unknown}
 j - a scroll of fear {unknown}
 l - a scroll of fog {unknown}
 m - a scroll of amnesia {unknown}
 n - a scroll of noise {unknown}
Potions
 e - a potion of brilliance {unknown}
 h - a potion of might


   Skills:
 + Level 6.0 Fighting
 + Level 7.1 Long Blades
 + Level 6.3 Armour
 + Level 2.2 Dodging
 + Level 5.6 Shields


You had 7 spell levels left.
You didn't know any spells.
Your spell library contained the following spells:

 Spells                   Type           Power      Damage    Failure   Level
 Magic Dart               Conj           0%         1d3       99%         1
 Blink                    Tloc           0%         N/A       100%        2
 Call Imp                 Summ           0%         N/A       100%        2


Dungeon Overview and Level Annotations

Branches:
Dungeon (4/15)
 Temple: D:4-7

Altars:
Gozag
Makhleb
Qazlal
Ru

Shops:
D:1 [

Annotations:
D:4 Edmund


Innate Abilities, Weirdness & Mutations

You have a pair of horns on your head.
You reflexively headbutt those who attack you in melee.


Message History

You block the thrashing horror's attack.
The thrashing horror tramples you!
You hold your ground!
The thrashing horror tramples you.
You stumble backwards!
The thrashing horror attacks as it pursues you!
You block the thrashing horror's attack.
The thrashing horror tramples you but does no damage.
The thrashing horror tramples you!
You stumble backwards!
The thrashing horror tramples you.
You hold your ground!
You block the thrashing horror's attack.
As you read the scroll of teleportation, it crumbles to dust.
You feel strangely unstable.
You feel the power of the Abyss delaying your translocation!
The thrashing horror tramples you!
You stumble backwards!
You block the thrashing horror's attack.
The thrashing horror closely misses you.
The thrashing horror tramples you!
You hold your ground!
The thrashing horror barely misses you. The thrashing horror tramples you.
You hold your ground!
The thrashing horror barely misses you.
The thrashing horror attacks as it pursues you!
The thrashing horror tramples you but does no damage.
You block the thrashing horror's attack.
The thrashing horror closely misses you.
The thrashing horror tramples you but does no damage.
You block the thrashing horror's attack.
The thrashing horror tramples you but does no damage.
The thrashing horror tramples you.
You hold your ground!
The thrashing horror tramples you.
* * * LOW HITPOINT WARNING * * *
You hold your ground!
You block the thrashing horror's attack.
The thrashing horror tramples you!
* * * LOW HITPOINT WARNING * * *
You hold your ground!
The thrashing horror tramples you!
* * * LOW HITPOINT WARNING * * *
You stumble backwards!
Unknown command.
The thrashing horror tramples you but does no damage.
The thrashing horror tramples you.
You die...

# # .. ..# .X.# ..# .#
.....### ## . .
####.####..#.##.#.#####
#...#...###.......#
#...#._ ##.##...#
##.#... #...#...#.
##.....####.#.......#
##.....#.#..#...#...# #
.......@X....#..##.# #
.##...#...#..#### ##
#.###......#....
...#...#.####.#
#...#.#.....
##.#.##..#### #.#####..
# ....


You could see a thrashing horror.

Vanquished Creatures
  Pikel (D:3)
  Eustachio (D:4)
  2 black bears
  A lemure (D:4)
  A bombardier beetle (D:4)
  A jelly (D:4)
  An orc priest (D:3)
  A hound (D:4)
  An orc wizard (D:4)
  3 adders (D:2)
  2 ribbon worms (D:3)
  9 orcs
  5 ball pythons
  2 bats
  5 endoplasms
  6 giant cockroaches
  5 goblins
  7 hobgoblins
  2 jackals (D:4)
  A quokka (D:2)
  3 frilled lizards
  6 kobolds
  2 rats
68 creatures vanquished.

Notes
Turn   | Place    | Note
-------+----------+-------------------------------------------
     0 | D:1      | Peloso the Minotaur Fighter began the quest for the Orb.
     0 | D:1      | Reached XP level 1. HP: 19/19 MP: 0/0
    80 | D:1      | Reached XP level 2. HP: 25/27 MP: 1/1
    95 | D:1      | Found Ufuis's Antique Armour Shoppe.
   319 | D:1      | Found a faded altar of an unknown god.
   837 | D:2      | Reached skill level 3 in Long Blades
   837 | D:2      | Reached XP level 3. HP: 27/34 MP: 2/2
  1790 | D:3      | Reached XP level 4. HP: 41/41 MP: 3/3
  2138 | D:3      | Found a sacrificial altar of Ru.
  2217 | D:3      | Found a stormy altar of Qazlal.
  2369 | D:3      | Reached skill level 4 in Long Blades
  2526 | D:4      | Noticed a black bear
  2534 | D:4      | Killed a black bear
  2535 | D:4      | Reached XP level 5. HP: 47/47 MP: 4/4
  2539 | D:4      | Reached skill level 5 in Fighting
  2539 | D:4      | Reached skill level 5 in Armour
  2573 | D:4      | Noticed Eustachio
  2583 | D:4      | Killed Eustachio
  2584 | D:4      | Reached skill level 5 in Long Blades
  2584 | D:4      | Reached skill level 1 in Dodging
  2584 | D:4      | Reached XP level 6. HP: 53/56 MP: 5/5
  2686 | D:4      | Found a burning altar of Makhleb.
  2702 | D:4      | Found an opulent altar of Gozag.
  2729 | D:4      | Noticed Pikel
  2886 | D:3      | Reached skill level 6 in Long Blades
  2886 | D:3      | Reached XP level 7. HP: 32/61 MP: 6/6
  2897 | D:3      | Killed Pikel
  2898 | D:3      | Reached skill level 7 in Long Blades
  2898 | D:3      | Reached skill level 5 in Shields
  3082 | D:4      | Reached XP level 8. HP: 70/70 MP: 7/7
  3103 | D:4      | Noticed Edmund
  3112 | Abyss:2  | Found a corrupted altar of Lugonu.
  3112 | Abyss:2  | Cast into level 2 of the Abyss (Edmund)
  3153 | Abyss:2  | Found a corrupted altar of Lugonu.
  3166 | Abyss:2  | Noticed a thrashing horror
  3166 | Abyss:2  | Noticed a thrashing horror
  3181 | Abyss:2  | HP: 1/70 [thrashing horror (11)]
  3182 | Abyss:2  | Slain by a thrashing horror

Illustrated notes

Levels and vault maps discovered:
D:1:      lemuel_arrival_hallway, layout_basic, basic_ecumenical_altar,
          serial_shops, nicolae_shop_tiny_real_fake_doors
D:2:      layout_loops_corners
D:3:      layout_loops_ring, nicolae_ru_the_path_less_chosen,
          mainiacjoe_overflow_alcove_4
D:4:      layout_basic, jmf_multi_god_temple2, uniq_edmund, uniq_eustachio,
          uniq_pikel
Abyss:2:  base: D:3, grunt_abyss_exit_deep_breaths

Skill      XL: |  1  2  3  4  5  6  7 |
---------------+----------------------+-----
Shields        | 4 5 |  5.6
Fighting       | 4 5 6 |  6.0
Long Blades    | 3 4 5 6 7 |  7.1
Armour         | 4 5 6 |  6.3
Dodging        | 1 2 |  2.2

Action                     |  1- 3 |  4- 6 |  7- 9 || total
---------------------------+-------+-------+-------++-------
  Melee: Long sword        |    87 |   103 |    19 ||   209
         Headbutt          |    15 |    18 |     4 ||    37
    Use: Potion            |     6 |     1 |     1 ||     8
         Scroll            |     1 |     2 |     1 ||     4
 Armour: Scale mail        |    66 |    25 |       ||    91
         Chain mail        |       |   115 |    29 ||   144
  Dodge: Dodged            |    47 |    41 |    11 ||    99
  Block: Buckler           |    26 |    45 |    11 ||    82
